AoeStats
← 月中眠

Arena

507486166Analyzed
4v4 RM · 15d ago on Sep 18, 2026· 40m 29s· 8 players
Game mode
Random Map
Map size
Large (8 player)
Population
200
Speed
Normal
Resources
Standard
Victory
Conquest
Starting age
Dark Age
Ending age
Imperial Age
RankedLock teamsTeams togetherTeam positionsShared explorationLock speedFull tech treeHidden civsTurbo modeCheats
Victory
Defeat
🇨🇳 Britons · China
1170
+17
🇨🇳 Celts · China
1142
+18
🇨🇳 Tatars · China
1115
+19
🇩🇪 Georgians · Germany
1110
+19
🇨🇳 Dravidians · China
1192
-19
🇫🇷 Chinese · France
1179
-18
🇪🇸 Franks · Spain
1174
-18
🇺🇸 Burgundians · United States
1171
-18
theo
Olkem
Mars'plants
12:11 Feudal Age
16:04 Castle Age
14:48 Double-Bit Axe
14:45 Horse Collar
19:50 Loom
21:58 Wheelbarrow
23:19 Bow Saw
23:13 Heavy Plow
24:46 Hand Cart
24:12 Man-at-Arms
30:40 Imperial Age
27:57 Long Swordsman
28:23 Gambesons
28:38 Squires
28:24 Arson
28:33 Town Watch
29:34 Gold Mining
29:16 Pikeman
30:42 Forging
30:32 Scale Mail Armor
30:44 Halberdier
30:44 Two-Handed Swordsman
31:46 Conscription
31:47 Wootz Steel
32:37 Two-Man Saw
32:32 Chain Mail Armor
32:52 Iron Casting
32:31 Champion
33:43 Plate Mail Armor
35:34 Blast Furnace
Sieur Fingolfin
SemperBlender
12:10 Feudal Age
16:39 Castle Age
14:40 Horse Collar
14:52 Double-Bit Axe
15:43 Stone Mining
15:49 Gold Mining
17:30 Heavy Plow
17:43 Bow Saw
20:35 Wheelbarrow
21:58 Loom
23:58 Hand Cart
27:04 Stone Shaft Mining
29:24 Forging
30:10 Scale Barding Armor
31:28 Chain Barding Armor
31:44 Iron Casting
33:26 Bloodlines
33:17 Husbandry
36:36 Imperial Age
33:54 Town Watch
36:44 Elite Monaspa
38:27 Blast Furnace
38:03 Plate Barding Armor
38:00 Crop Rotation
38:02 Conscription
38:11 Aznauri Cavalry
38:48 Fletching
39:01 Scale Mail Armor
39:01 Padded Archer Armor
40:14 Bodkin Arrow
40:35 Chain Mail Armor
40:39 Leather Archer Armor
月中眠
1361331795
0:31 Loom
10:01 Feudal Age
17:00 Castle Age
15:16 Double-Bit Axe
15:37 Horse Collar
23:40 Wheelbarrow
22:54 Town Watch
25:26 Bow Saw
25:18 Heavy Plow
25:47 Hand Cart
25:50 Stone Mining
26:17 Gold Mining
30:41 Imperial Age
28:53 Forging
28:48 Scale Barding Armor
29:46 Fletching
29:56 Padded Archer Armor
30:14 Husbandry
30:25 Bloodlines
30:57 Iron Casting
30:28 Scale Barding Armor
32:13 Conscription
31:59 Silk Armor
31:24 Heavy Cavalry Archer
33:47 Gold Shaft Mining
33:44 Crop Rotation
34:01 Ballistics
34:42 Chemistry
33:49 Siege Engineers
37:19 Bodkin Arrow
37:40 Leather Archer Armor
黑土
Connection lost

Rejoining the realm…

Still unreachable

The connection could not be restored.

Session expired

The server has moved on; the page needs a fresh start.